Map: Pillars of Gold LE

Players

Serral - Winner!

  • Race: Zerg Zerg
  • Spawn Location: 1:00

Trap

  • Race: Protoss Protoss
  • League: Master
  • Spawn Location: 7:00

Event: DreamHack SC2 Masters 2020 Winter

VOD

Have the link to the VOD?

Description

Time

  • Played on: Nov. 12, 2020, 9:47 a.m.
  • Length: 15:31

All games in this series

Show
View Real Time Build Order
Export as new Build Order

Serral Zerg - Winner!

Build Orders: Hatch First 

Get SALT Encoding   

  12  0:00  Drone  
  13  0:12  Overlord  
  13  0:17  Drone  
  14  0:31  Drone x2  
  16  0:50  Hatchery  
  16  0:52  Drone  
  16  0:56  Drone  
  17  0:59  Drone  
  18  1:10  Extractor  
  17  1:15  Spawning Pool  
  16  1:19  Drone  
  16  1:22  Drone  
  18  1:28  Drone  
  19  1:39  Drone  
  20  1:50  Overlord  
  20  2:02  Queen x2, Zergling x2  
  20  2:03  Zergling x2  
  26  2:11  Drone  
  26  2:13  Drone, Metabolic Boost  
  28  2:22  Drone  
  29  2:25  Drone  
  30  2:38  Hatchery  
  30  2:41  Drone  
  30  2:43  Drone  
  31  2:50  Queen  
  33  2:54  Overlord  
  33  2:57  Drone  
  34  2:59  Drone  
  34  3:02  Drone  
  36  3:13  Drone x4  
  36  3:15  Overlord  
  36  3:17  Drone  
  41  3:22  Drone  
  41  3:26  Queen  
  44  3:32  Overlord  
  44  3:38  Drone  
  44  3:39  Drone  
  46  3:42  Drone x2  
  46  3:43  Drone x2  
  50  3:49  Drone, Roach Warren  
  50  3:52  Queen  
  52  3:57  Drone x2  
  52  4:02  Queen  
  56  4:04  Overlord  
  56  4:07  Zergling x4  
  58  4:14  Spore Crawler  
  58  4:15  Spore Crawler  
  58  4:16  Zergling x2  
  58  4:17  Zergling x4  
  59  4:22  Zergling x8  
  63  4:25  Spore Crawler  
  61  4:35  Zergling x12  
  67  4:40  Overlord  
  67  4:42  Extractor, Roach  
  67  4:50  Roach x3  
  73  4:55  Overlord  
  73  5:00  Roach x4  
  73  5:06  Overlord  
  81  5:14  Overlord  
  81  5:16  Overlord  
  81  5:20  Roach  
  81  5:21  Overlord  
  81  5:22  Overlord  
  81  5:27  Overlord  
  79  5:29  Roach x3  
  83  5:39  Roach x4  
  89  5:47  Ravager  
  89  5:49  Drone x4  
  94  5:52  Drone x3  
  94  5:53  Drone  
  94  5:55  Drone  
  99  6:00  Drone x2  
  99  6:01  Drone  
  101  6:07  Lair  
  101  6:10  Extractor  
  101  6:11  Evolution Chamber  
  99  6:12  Drone x2  
  99  6:13  Drone  
  99  6:17  Drone x2  
  99  6:18  Drone  
  102  6:19  Drone  
  102  6:21  Drone  
  102  6:22  Drone  
  102  6:25  Drone  
  101  6:29  Drone x3  
  104  6:34  Extractor  
  104  6:36  Drone  
  106  6:43  Overlord  
  106  6:44  Drone x6  
  110  6:48  Zerg Melee Weapons Level 1  
  110  6:50  Overlord  
  110  6:56  Drone, Baneling Nest, Overlord  
  110  6:57  Drone  
  110  7:00  Roach  
  111  7:04  Extractor  
  111  7:07  Extractor  
  111  7:08  Glial Reconstitution  
  108  7:10  Drone x5  
  108  7:11  Drone  
  108  7:15  Roach x2  
  118  7:19  Ravager x3  
  121  7:27  Drone  
  117  7:30  Drone  
  117  7:33  Zergling x8, Roach x2, Ravager x2  
  127  7:40  Overseer  
  127  7:41  Hatchery  
  126  7:46  Drone x4  
  126  7:49  Overlord  
  126  7:50  Centrifical Hooks  
  130  7:52  Overlord  
  130  7:53  Zergling x4  
  130  7:58  Ravager x2  
  134  7:59  Zergling x8  
  134  8:05  Overlord  
  138  8:08  Zergling x10  
  138  8:12  Zergling x2  
  144  8:14  Baneling x10  
  144  8:19  Zergling x8  
  147  8:27  Zergling x2  
  147  8:28  Zergling x10  
  145  8:38  Zergling x10  
  134  8:44  Zergling x6  
  127  8:52  Ravager x7  
  127  8:54  Queen  
  136  8:56  Roach x4  
  143  9:09  Zergling x8  
  147  9:12  Baneling x14  
  147  9:14  Overlord  
  147  9:15  Zergling x4  
  147  9:16  Zergling x2  
  147  9:17  Zergling x10  
  153  9:21  Infestation Pit  
  154  9:26  Zerg Melee Weapons Level 2  
  154  9:35  Drone x8  
  162  9:39  Drone  
  162  9:42  Baneling x9  
  162  9:43  Drone x2  
  165  9:49  Zergling x12  
  141  10:04  Zergling x22  
  144  10:07  Hive  
  144  10:09  Drone  
  145  10:14  Drone, Hatchery  
  145  10:23  Roach x3  
  145  10:26  Ravager  
  145  10:27  Ravager x3  
  154  10:28  Baneling x10  
  154  10:33  Extractor  
  154  10:34  Drone x3  
  156  10:35  Evolution Chamber, Zergling x2  
  156  10:36  Zergling x10  
  156  10:38  Overlord  
  156  10:41  Overlord  
  161  10:46  Spire  
  161  10:48  Overseer  
  160  10:50  Zergling x12  
  166  10:59  Zergling x18  
  172  11:05  Zerg Missile Weapons Level 1  
  172  11:07  Overseer  
  172  11:13  Drone x2  
  172  11:14  Drone  
  172  11:18  Zergling x26  
  188  11:21  Viper  
  191  11:26  Queen  
  191  11:31  Drone x7  
  200  11:35  Adrenal Glands  
  199  11:51  Hatchery  
  198  11:54  Baneling  
  198  11:55  Baneling x28  
  196  12:02  Zergling x8  
  199  12:13  Zerg Ground Armor Level 1  
  198  12:17  Zergling x2  
  198  12:20  Baneling x14  
  199  12:29  Overlord x2  
  199  12:33  Overlord  
  199  12:43  Greater Spire  
  197  12:44  Extractor  
  197  12:46  Spore Crawler, Spine Crawler  
  197  12:47  Drone, Spine Crawler  
  197  12:48  Drone x6  
  197  12:49  Drone, Spine Crawler x3  
  197  12:52  Baneling  
  197  12:53  Baneling x18  
  196  13:21  Zergling x8  
  195  13:32  Zergling x26  
  195  13:33  Zergling x14  
  190  13:39  Zergling x2  
  190  13:40  Zergling x30  
  198  13:43  Queen  
  198  13:44  Spore Crawler  
  191  13:51  Zergling x24  
  191  13:52  Zergling x2  
  197  14:00  Zergling x2  
  197  14:01  Zergling x20  
  197  14:08  Zergling x16  
  179  14:17  Zergling x22  
  179  14:23  Baneling x8  
  189  14:25  Baneling x7  
  189  14:26  Baneling x25  
  189  14:27  Baneling  
  188  14:39  Zergling x24  
  192  14:56  Zergling x20  
  196  15:01  Zergling x12  
  196  15:07  Zergling x28  
  193  15:10  Zergling x2  
Show
View Real Time Build Order
Export as new Build Order

Trap Protoss 

Build Orders: 1 Gate Expand 

Get SALT Encoding   

  12  0:00  Probe  
  13  0:12  Probe  
  14  0:19  Pylon  
  14  0:24  Probe  
  15  0:29  Assimilator  
  15  0:37  Probe (Chrono Boost)  
  16  0:44  Gateway  
  16  0:49  Probe (Chrono Boost)  
  18  0:57  Probe (Chrono Boost)  
  18  1:04  Probe  
  19  1:16  Probe  
  20  1:26  Nexus  
  20  1:36  Cybernetics Core  
  20  1:39  Probe  
  21  1:44  Assimilator  
  21  1:51  Probe  
  22  1:56  Pylon  
  22  2:03  Probe  
  23  2:12  Adept (Chrono Boost)  
  23  2:13  Warp Gate  
  23  2:15  Probe (Chrono Boost)  
  26  2:25  Twilight Council, Probe (Chrono Boost)  
  27  2:30  Probe (Chrono Boost)  
  27  2:36  Stalker  
  30  2:39  Probe (Chrono Boost)  
  32  2:48  Probe x2 (Chrono Boost)  
  33  2:54  Robotics Facility, Probe  
  34  2:58  Probe  
  35  3:06  Gateway  
  35  3:08  Probe  
  35  3:10  Resonating Glaives (Chrono Boost)  
  35  3:11  Probe  
  37  3:20  Probe  
  37  3:22  Adept  
  37  3:23  Probe  
  41  3:34  Gateway  
  41  3:35  Gateway  
  41  3:40  Warp Prism (Chrono Boost)  
  43  3:51  Pylon  
  43  3:52  Probe x2  
  45  3:59  Pylon  
  45  4:03  Shield Battery  
  45  4:10  Adept x2  
  45  4:11  Observer  
  45  4:13  Assimilator  
  45  4:15  Probe x2  
  52  4:17  Pylon  
  52  4:30  Probe  
  52  4:31  Probe  
  54  4:32  Adept x4  
  62  4:39  Pylon  
  62  4:55  Probe x2  
  64  5:00  Adept x4  
  64  5:06  Pylon  
  64  5:07  Assimilator  
  72  5:09  Pylon  
  72  5:21  Adept x2  
  72  5:22  Adept  
  77  5:30  Immortal  
  81  5:38  Probe  
  81  5:39  Probe  
  79  5:46  Sentry x2  
  79  5:47  Sentry x2  
  87  5:51  Pylon  
  86  6:03  Pylon  
  86  6:04  Nexus  
  86  6:07  Immortal (Chrono Boost)  
  86  6:08  Probe x2  
  84  6:26  Probe  
  84  6:27  Shield Battery, Probe  
  84  6:29  Blink  
  84  6:30  Forge  
  84  6:32  Sentry x2  
  90  6:36  Immortal (Chrono Boost)  
  94  6:43  Adept  
  94  6:45  Stalker  
  98  6:49  Probe x2 (Chrono Boost)  
  98  6:53  Pylon  
  100  7:00  Probe x2 (Chrono Boost)  
  102  7:03  Protoss Ground Weapons Level 1 (Chrono Boost)  
  102  7:06  Immortal (Chrono Boost)  
  106  7:08  Probe  
  106  7:09  Probe  
  106  7:13  Adept  
  110  7:21  Probe x3  
  110  7:22  Adept  
  113  7:33  Probe x3  
  116  7:38  Robotics Bay  
  116  7:41  Robotics Facility  
  116  7:42  Pylon  
  116  7:44  Pylon  
  116  7:45  Probe x3  
  116  7:47  Zealot  
  121  7:52  Assimilator  
  121  7:56  Assimilator  
  121  8:00  Stalker x3  
  121  8:04  Probe x3  
  121  8:05  Pylon  
  130  8:14  Adept  
  130  8:17  Gateway  
  130  8:18  Gateway  
  121  8:40  Adept x2  
  121  8:41  Adept  
  115  8:44  Disruptor (Chrono Boost)  
  115  8:45  Colossus (Chrono Boost)  
  114  8:52  Probe x3  
  123  8:58  Pylon  
  123  8:59  Gateway  
  123  9:02  Gateway  
  119  9:05  Protoss Ground Weapons Level 2 (Chrono Boost)  
  119  9:06  Shield Battery  
  119  9:07  Photon Cannon  
  119  9:13  Disruptor (Chrono Boost)  
  119  9:15  Stalker x3  
  128  9:26  Photon Cannon  
  128  9:28  Colossus (Chrono Boost)  
  134  9:37  Pylon  
  134  9:43  Stalker x2  
  134  9:44  Stalker x2  
  142  9:47  Sentry  
  138  10:03  Stalker x2  
  138  10:04  Stalker  
  123  10:08  Probe x3  
  129  10:15  Disruptor x2 (Chrono Boost)  
  132  10:22  Photon Cannon  
  132  10:30  Nexus  
  132  10:32  Pylon  
  132  10:45  Colossus (Chrono Boost)  
  132  10:47  Colossus (Chrono Boost)  
  138  10:53  Photon Cannon  
  138  10:55  Shield Battery  
  138  10:57  Shield Battery  
  144  10:58  Sentry x3  
  150  11:04  Sentry  
  151  11:12  Photon Cannon, Probe x3  
  151  11:17  Dark Shrine  
  151  11:18  Pylon  
  154  11:20  Gateway  
  154  11:21  Charge  
  154  11:22  Gateway  
  154  11:24  Probe x3  
  157  11:28  Zealot x2  
  157  11:29  Zealot x2  
  157  11:30  Protoss Ground Armor Level 1 (Chrono Boost)  
  165  11:36  Probe  
  165  11:37  Observer  
  167  11:46  Photon Cannon  
  167  11:57  Sentry x2  
  167  11:58  Stalker x3, Sentry  
  179  12:02  Zealot x2  
  183  12:09  Photon Cannon  
  183  12:13  Probe x4  
  186  12:15  Pylon  
  186  12:20  Immortal x2 (Chrono Boost)  
  194  12:36  Assimilator x2  
  194  12:42  Photon Cannon x2  
  194  12:43  Dark Templar  
  194  12:44  Dark Templar x3  
  193  12:58  Archon  
  193  12:59  Archon, Dark Templar x2  
  193  13:01  Nexus  
  193  13:04  Archon  
  196  13:14  Gateway  
  196  13:15  Gateway  
  196  13:18  Gateway  
  196  13:24  Dark Templar x2  
  200  13:32  Nexus  
  143  13:45  Stalker x3  
  143  13:46  Stalker x5  
  138  14:09  Dark Templar x3  
  126  14:10  Dark Templar, Zealot x5  
  126  14:11  Zealot  
  128  14:18  Archon  
  128  14:19  Archon  
  128  14:21  Templar Archives  
  128  14:26  Pylon  
  128  14:27  Colossus (Chrono Boost)  
  128  14:29  Immortal (Chrono Boost)  
  134  14:35  Zealot, Sentry x2  
  134  14:36  Zealot x3  
  138  14:46  Dark Templar  
  138  14:47  Dark Templar  
  141  15:04  Stalker x3  
  141  15:05  Stalker x2  
  141  15:06  Dark Templar, Zealot x2  
  92  15:16  Probe x4  
Tags
 
Add a new tag
Caveats
  • Supply blocks, unpowered buildings, or Contaminate may cause inaccurate times.
  • Supply counts are checked every 10 seconds.